 Dungeon Crawl Stone Soup version 0.26-b1-32-g5d43845318 (webtiles) character file.

Game seed: 16367151457287278197

801 dohliylev the Stinger (level 7, -1/36 HPs)
             Began as a Gargoyle Venom Mage on Jan 11, 2021.
             Was an Initiate of Vehumet.
             Shot with an arrow by a centaur (3 damage)
             ... on level 5 of the Dungeon.
             The game lasted 00:29:30 (6849 turns).

dohliylev the Stinger (Gargoyle Venom Mage)         Turns: 6849, Time: 00:29:30

Health: -1/36      AC:  8    Str: 12    XL:     7   Next: 90%
Magic:  10/14      EV: 12    Int: 17    God:    Vehumet [......]
Gold:   323        SH:  0    Dex: 10    Spells: 6/16 levels left

rFire    . . .     SeeInvis +   B - staff of poison
rCold    + . .     Faith    .   (no shield)
rNeg     + . .     Spirit   .   a - +0 robe
rPois    ∞         Reflect  .   q - +0 helmet of Complete Protection {rElec rC+}
rElec    +         Harm     .   (no cloak)
rCorr    .         Rampage  .   (no gloves)
Will     +....                  p - +0 pair of boots
Stlth    ++........             (no amulet)
HPRegen  0.12/turn              b - ring of willpower
MPRegen  0.14/turn              l - ring of see invisible

@: no status effects
A: negative energy resistance 1, electricity resistance, unbreathing,
petrification resistance, miasma immunity, AC +4
a: Renounce Religion


You were on level 5 of the Dungeon.
You worshipped Vehumet.
Vehumet was noncommittal.
You visited 1 branch of the dungeon, and saw 6 of its levels.

You collected 323 gold pieces.

Inventory:

Armour
 a - a +0 robe (worn)
 p - a +0 pair of boots (worn)
 q - the +0 helmet of Complete Protection (worn) {rElec rC+}
   (You took it off Robin on level 2 of the Dungeon)

   It protects you from cold.
   It insulates you from electricity.
Magical Staves
 B - an uncursed staff of poison (weapon)
Jewellery
 b - a ring of willpower (left hand)
 l - a ring of see invisible (right hand)
Wands
 v - a wand of polymorph (8)
Scrolls
 c - 2 scrolls of magic mapping {unknown}
 e - 5 scrolls of identify {unknown}
 h - a scroll of amnesia {unknown}
 j - 2 scrolls of remove curse {unknown}
 m - 3 scrolls of teleportation {unknown}
 s - a scroll of random uselessness {unknown}
 t - a scroll of enchant armour {unknown}
 u - a scroll of noise {unknown}
 y - a scroll of fog {unknown}
Potions
 d - 3 potions of cancellation {unknown}
 f - a potion of flight {unknown}
 g - 3 potions of mutation {unknown}
 i - a potion of heal wounds {unknown}
 k - a potion of attraction {unknown}
 n - 3 potions of curing
 r - a potion of might {unknown}
 w - a potion of resistance {unknown}
 z - a potion of brilliance {unknown}
 A - a potion of lignification {unknown}


   Skills:
 + Level 2.8 Dodging
 - Level 2.1 Stealth
 + Level 5.3 Spellcasting
 - Level 0.7 Transmutations
 - Level 2.0 Air Magic
 + Level 5.9 Poison Magic


You had 6 spell levels left.
You knew the following spells:

 Your Spells              Type           Power        Failure   Level
a - Sting                 Tmut/Pois      92%          3%          1
b - Poisonous Vapours     Pois/Air       54%          4%          2
c - Mephitic Cloud        Conj/Pois/Air  20%          14%         3
d - Olgreb's Toxic Radia  Pois           37%          12%         4

Your spell library contained the following spells:

 Spells                   Type           Power        Failure   Level
 Ignite Poison            Fire/Tmut/Pois 18%          17%         3


Dungeon Overview and Level Annotations

Branches:
Dungeon (6/15)
 Temple: D:4-7

Altars:
Fedhas
Gozag
Nemelex Xobeh
Qazlal
Vehumet
Yredelemnul

Annotations:
D:4 1 runed translucent door, p0werm0de's ghost, amateur MiFi


Innate Abilities, Weirdness & Mutations

You are resistant to torment.
Your stone body is resilient. (AC +4)
You are immune to poison.
You resist negative energy. (rN+)
You are resistant to electric shocks. (rElec)
You can survive without breathing.
You are immune to petrification.
You are immune to miasma.


Message History

Confirm with . or Enter, or press ? or * to list all spells.
Aiming: Sting (safe; 3% risk of failure)
Press: ? - help, Shift-Dir - straight line, f/p - centaur
Aim: a centaur, wielding a +0 shortbow and quivering 18 arrows (heavily wounded, very poisoned, 15% to evade)
You feel a surge of power!
The sting hits the centaur.
The centaur looks as sick as possible!
The centaur is severely wounded.
The centaur shoots an arrow.
The arrow hits you!
The centaur shoots an arrow.
The arrow hits you!
The centaur shoots an arrow.
The arrow misses you.
The centaur shoots an arrow.
The arrow hits you.
* * * LOW HITPOINT WARNING * * *
You see here an arrow.
The centaur shoots an arrow.
The arrow hits you.
* * * LOW HITPOINT WARNING * * *
The centaur shoots an arrow.
The arrow misses you.
An orc comes into view.
You see here an arrow.
The centaur shoots an arrow.
The arrow hits you.
You die... o

#......>..###### #.
####'##'#.#.....
##c# #.##.#..###.#
##...## #.##.#..#...
##....(##
#.##.##.#.#
#.......### #.##.#
.#. ....._...(.#
#.##.# .#
.#.......#(####.##.#
.#
##.....##@(.....#.#
##...##.#####..#
##.# #.# #..########
#.. #.# #..........
#.# #.# #..#.######
. #.# #..#(#
#.#####..#.#
#........#.#
#######....#


You could see a centaur (very poisoned).

Vanquished Creatures
  An ice beast (D:5)
  An ogre (D:4)
  A centaur (D:5)
  Blork the orc (D:4)
  3 hounds
  An orc wizard (D:4)
  A bullfrog skeleton (D:5)
  2 iguanas (D:4)
  2 worker ants (D:5)
  Robin (D:2)
  A howler monkey skeleton (D:5)
  4 adders
  An ooze (D:5)
  5 worms
  2 dart slugs (D:1)
  3 leopard geckos
  13 orcs
  10 bats
  11 giant cockroaches
  21 goblins
  7 hobgoblins
  22 jackals
  4 quokkas
  2 ball pythons (D:3)
  5 frilled lizards
  8 kobolds
  9 rats
142 creatures vanquished.

Vanquished Creatures (others)
  2 plants (D:2)
  3 withered plants
5 creatures vanquished.

Grand Total: 147 creatures vanquished

Notes
Turn   | Place    | Note
-------+----------+-------------------------------------------
     0 | D:1      | dohliylev the Gargoyle Venom Mage began the quest for the
                  | Orb.
     0 | D:1      | Reached XP level 1. HP: 10/10 MP: 3/3
   241 | D:1      | Reached XP level 2. HP: 15/15 MP: 0/5
   261 | D:1      | Learned a level 2 spell: Poisonous Vapours
   720 | D:1      | Reached XP level 3. HP: 16/19 MP: 0/6
   724 | D:1      | Learned a level 3 spell: Mephitic Cloud
  1085 | D:1      | Found a sparkling altar of Nemelex Xobeh.
  1967 | D:2      | Reached XP level 4. HP: 24/24 MP: 1/8
  2149 | D:2      | Reached skill level 1 in Air Magic
  2461 | D:2      | Identified the +0 helmet of Complete Protection {rElec rC+}
  2461 | D:2      | Noticed Robin
  2464 | D:2      | Killed Robin
  2465 | D:2      | Reached XP level 5. HP: 26/28 MP: 4/9
  2655 | D:2      | Found a faded altar of an unknown god.
  4498 | D:4      | Noticed an ogre
  4505 | D:4      | Killed an ogre
  4506 | D:4      | Reached XP level 6. HP: 32/32 MP: 0/12
  4513 | D:4      | Learned a level 4 spell: Olgreb's Toxic Radiance
  4832 | D:4      | Found a basalt altar of Yredelemnul.
  4837 | D:4      | Found an opulent altar of Gozag.
  5088 | D:4      | Found a stormy altar of Qazlal.
  5088 | D:4      | Noticed a water elemental
  5090 | D:4      | Noticed a fire elemental
  5091 | D:4      | Noticed an air elemental
  5242 | D:4      | Found a runed translucent door.
  5242 | D:4      | Noticed p0werm0de's ghost (amateur MiFi)
  5378 | D:4      | Noticed Blork the orc
  5387 | D:4      | Killed Blork the orc
  5388 | D:4      | Reached skill level 5 in Poison Magic
  5388 | D:4      | Reached XP level 7. HP: 30/36 MP: 3/13
  5767 | D:5      | Entered Level 5 of the Dungeon
  5913 | D:5      | Found a radiant altar of Vehumet.
  5992 | D:5      | Became a worshipper of Vehumet
  6127 | D:5      | Reached skill level 5 in Spellcasting
  6545 | D:5      | Found a sparkling altar of Nemelex Xobeh.
  6838 | D:5      | Found a blossoming altar of Fedhas.
  6848 | D:5      | HP: 1/36 [centaur/arrow (5)]
  6849 | D:5      | Shot with an arrow by a centaur

Illustrated notes

Levels and vault maps discovered:
D:1:      minmay_arrival_semitransparent, layout_loops_ring,
          nemelex_xobeh_ov_fountains_minmay
D:2:      layout_basic, chequers_ecumenical_altar_lobes, grunt_ministairs_13,
          uniq_robin
D:3:      layout_basic
D:4:      layout_basic, yredelemnul_altar_generic,
          nicolae_qazlal_style_of_elements, overflow_temple_1_default,
          gammafunk_ghost_grave, uniq_blork_the_orc
D:5:      layout_basic, lemuel_doored_altar, lemuel_round_altar,
          lemuel_coloured_pillars_altar, grunt_temple_overflow_diamond,
          minmay_liquid_box, st_stairs_10, kennysheep_big_empty_room,
          minmay_checkerbox, uniq_prince_ribbit1
D:6:      layout_rooms, minmay_temple_entry_mist, serial_undead,
          serial_undead_e, serial_undead_c, serial_undead_b, serial_undead_c,
          serial_undead_d, serial_undead_e

Skill      XL: |  1  2  3  4  5  6  7 |
---------------+----------------------+-----
Dodging        | 2 |  2.8
Air Magic      | 1 2 |  2.0
Poison Magic   | 4 5 |  5.9
Spellcasting   | 3 4 5 |  5.3
Stealth        | |  2.1
Transmutations | |  0.7

Action                   |  1- 3 |  4- 6 |  7- 9 || total
-------------------------+-------+-------+-------++-------
Melee: Unarmed           |    67 |    52 |       ||   119
       Dagger            |       |    64 |    19 ||    83
 Cast: Sting             |    25 |    25 |    15 ||    65
       Poisonous Vapours |    30 |    77 |    20 ||   127
       Mephitic Cloud    |       |     2 |     1 ||     3
 Stab: Sleeping          |     1 |       |     2 ||     3
Armor: Robe              |    41 |    52 |     9 ||   102
Dodge: Dodged            |    86 |    84 |    19 ||   189
